 Dungeon Crawl Stone Soup version 0.27.1-1-g398f81649c (webtiles) character file.

Game seed: 12399576190654953205

1135 MajorAdolf the Slasher (level 8, -2/62 (73) HPs)
             Began as a Naga Wanderer on Sept 9, 2021.
             Slain by a wight (12 damage)
             ... on level 5 of the Dungeon.
             The game lasted 00:12:27 (7273 turns).

MajorAdolf the Slasher (Naga Wanderer)              Turns: 7273, Time: 00:12:28

HP:   -2/62 (73)    AC:  7    Str: 14    XL:     8   Next: 36%
MP:   8/8           EV:  5    Int: 16    God:
Gold: 164           SH:  0    Dex: 10    Spells: 7/7 levels left

rFire    . . .     SeeInvis +   t - +2 dagger (holy)
rCold    . . .     Faith    .   (no shield)
rNeg     . . .     Spirit   .   k - +0 chain mail
rPois    +         Reflect  .   (no helmet)
rElec    .         Harm     .   (no cloak)
rCorr    .         Rampage  .   (no gloves)
Will     ++...                  (no barding)
Stlth    ..........             (no amulet)
HPRegen  0.20/turn              q - ring of willpower
MPRegen  0.11/turn              (no ring)

@: heavily drained, very slow
A: AC +2, large, see invisible, deformed body, poison resistance, slowness 2,
spit poison 1, naga tail 1
a: Spit Poison


You were on level 5 of the Dungeon.
You visited 1 branch of the dungeon, and saw 6 of its levels.

You collected 164 gold pieces.

Inventory:

Hand Weapons
 a - a +2 falchion
 o - a +0 hunting sling
 t - a +2 dagger of holy wrath (weapon)
Missiles
 j - 57 sling bullets
 l - 2 curare-tipped darts
 r - 154 stones
Armour
 d - a +0 robe
 h - a +0 ring mail
 k - a +0 chain mail (worn)
Jewellery
 q - a ring of willpower (left hand)
Wands
 i - a wand of charming (6)
Scrolls
 b - 2 scrolls of teleportation
 g - 3 scrolls of identify {unknown}
 m - 3 scrolls of enchant weapon {unknown}
 p - a scroll of noise {unknown}
 s - a scroll of amnesia {unknown}
 u - a scroll of brand weapon {unknown}
Potions
 c - 3 potions of curing
 e - a potion of degeneration {unknown}
 f - a potion of brilliance {unknown}
 n - 3 potions of lignification {unknown}
 v - a potion of resistance {unknown}


   Skills:
 + Level 4.6 Fighting
 + Level 5.4 Long Blades
 - Level 2.0 Maces & Flails
 - Level 1.0 Throwing
 + Level 3.2 Armour
 + Level 3.5 Dodging
 - Level 1.0 Shields
 + Level 3.8 Evocations


You had 7 spell levels left.
You didn't know any spells.
Your spell library contained the following spells:

 Spells                   Type           Power      Damage    Failure   Level
 Magic Dart               Conj           0%         1d3       99%         1
 Sandblast                Erth           0%         2d4       99%         1
 Call Imp                 Summ           0%         N/A       100%        2
 Passwall                 Tmut/Erth      0%         N/A       100%        2
 Conjure Flame            Conj/Fire      0%         6-21      100%        3
 Ignite Poison            Fire/Tmut/Pois 0%         N/A       100%        3
 Mephitic Cloud           Conj/Pois/Air  0%         N/A       100%        3
 Sticky Flame             Conj/Fire      0%         2d3       100%        4
 Lee's Rapid Deconstruct  Erth           0%         3d5*      100%        5


Dungeon Overview and Level Annotations

Branches:
Dungeon (6/15)
 Temple: D:4-7

Altars:
Dithmenos
Hepliaklqana

Annotations:
D:5 exclusion: downstairs


Innate Abilities, Weirdness & Mutations

Your serpentine skin is tough. (AC +2)
You have supernaturally acute eyesight. (SInv)
Armour fits poorly on your strangely shaped body.
Your system is resistant to poisons. (rPois)
You cover ground very slowly.
You can spit poison.
You have a snake-like lower body.


Message History

You hit the wight but do no damage.
The wight hits you with a +5 short sword.
You feel drained.
You climb upwards.
Level annotation: exclusion: downstairs
There is a stone staircase leading down here.
You hit the wight but do no damage.
The wight hits you with a +5 short sword!
You hit the wight but do no damage.
The wight hits you with a +5 short sword.
You hit the wight.
The wight convulses.
The wight is moderately damaged.
The wight hits you with a +5 short sword!
You hit the wight but do no damage.
The wight is moderately damaged.
The wight hits you with a +5 short sword.
You hit the wight but do no damage.
The wight is moderately damaged.
You hit the wight.
The wight convulses.
The wight is heavily damaged.
The wight hits you with a +5 short sword.
You feel drained.
You hit the wight but do no damage.
The wight is heavily damaged.
The wight hits you with a +5 short sword!
* * * LOW HITPOINT WARNING * * *
You hit the wight.
The wight convulses.
The wight is severely damaged.
The wight hits you with a +5 short sword!
* * * LOW HITPOINT WARNING * * *
You closely miss the wight.
The wight is severely damaged.
The wight hits you with a +5 short sword.
* * * LOW HITPOINT WARNING * * *
You feel drained.
* * * LOW HITPOINT WARNING * * *
Unknown command.
You feel better.
The wight hits you with a +5 short sword!
You die...

####.#.# #.#.#
#.#.##################
#.#..................#
#.#################.##
####.# #.......##.#
#.##.# #.#####.##.#
..##.########.#####.##.#
...............z@##.##.#
...#....###########.##.#
...#....###########.##.#
...#................##.#
..##...###############.##
..##....................#
..###..##################
..# #..# ..# #..######


You could see a wight.

Vanquished Creatures
  A two-headed ogre (D:4)
  A centaur zombie (D:5)
  A black bear (D:5)
  A sky beast (D:5)
  A bullfrog (D:5)
  A scorpion (D:6)
  A wight (D:6)
  A bullfrog zombie (D:4)
  2 orc priests
  A jelly (D:5)
  A bullfrog skeleton (D:6)
  3 orc wizards
  A hound skeleton (D:4)
  An adder (D:2)
  2 adder skeletons (D:4)
  2 worms
  A dart slug (D:2)
  13 orcs
  3 bats
  8 endoplasms
  4 giant cockroaches
  5 goblins
  7 hobgoblins
  5 quokkas
  6 ball pythons
  4 frilled lizards
  4 kobolds
  5 rats
86 creatures vanquished.

Vanquished Creatures (collateral kills)
  A centaur (D:4)
  A goblin (D:4)
  A hobgoblin (D:4)
3 creatures vanquished.

Grand Total: 89 creatures vanquished

Notes
Turn   | Place    | Note
-------+----------+-------------------------------------------
     0 | D:1      | MajorAdolf the Naga Wanderer began the quest for the Orb.
     0 | D:1      | MajorAdolf set off with the following items: a +2 falchion,
                  | a scroll of teleportation, a potion of curing, a +0 robe
     0 | D:1      | Reached XP level 1. HP: 18/18 MP: 1/1
   235 | D:1      | Reached XP level 2. HP: 25/25 MP: 2/2
  1095 | D:1      | Found a faded altar of an unknown god.
  1154 | D:2      | Reached XP level 3. HP: 32/32 MP: 3/3
  1896 | D:2      | Found a shadowy altar of Dithmenos.
  2324 | D:3      | Found a hazy altar of Hepliaklqana.
  2672 | D:3      | Reached XP level 4. HP: 40/40 MP: 4/4
  3307 | D:4      | Noticed a two-headed ogre
  3312 | D:4      | Noticed a centaur
  3316 | D:4      | Killed a centaur
  3317 | D:4      | Reached skill level 1 in Armour
  3317 | D:4      | Reached skill level 1 in Evocations
  3324 | D:4      | Killed a two-headed ogre
  3325 | D:4      | Reached skill level 4 in Long Blades
  3325 | D:4      | Reached XP level 5. HP: 32/48 MP: 5/5
  3654 | D:4      | Reached XP level 6. HP: 43/56 MP: 6/6
  4886 | D:4      | Identified the +0 robe of the Distant Future {Stlth+}
  5114 | D:5      | Entered Level 5 of the Dungeon
  5354 | D:5      | Reached XP level 7. HP: 57/62 MP: 7/7
  5557 | D:5      | Reached skill level 5 in Long Blades
  5796 | D:5      | Reached XP level 8. HP: 62/72 MP: 8/8
  7272 | D:5      | HP: 3/62 [wight (1)]
  7273 | D:5      | Slain by a wight

Illustrated notes

Levels and vault maps discovered:
D:1:      lordsloth_arrival_two_stooges, layout_basic,
          shapermc_ecumenical_altar_mp_vishouse, minmay_pentomino_o4
D:2:      layout_basic, basic_altar
D:3:      layout_loops_ring, mainiacjoe_overflow_tiny_flanked
D:4:      layout_basic, grunt_decor_arrowhead, uniq_crazy_yiuf_cottage
D:5:      layout_basic
D:6:      layout_cave_pools, uniq_prince_ribbit1

Skill      XL: |  1  2  3  4  5  6  7  8 |
---------------+-------------------------+-----
Fighting       | 2 3 4 |  4.6
Armour         | 1 2 3 |  3.2
Evocations     | 1 2 3 |  3.8
Long Blades    | 4 5 |  5.4
Dodging        | 2 3 |  3.5
Maces & Flails | |  2.0
Throwing       | |  1.0
Shields        | |  1.0

Action                   |  1- 3 |  4- 6 |  7- 9 || total
-------------------------+-------+-------+-------++-------
Melee: Falchion          |    76 |    95 |    52 ||   223
       Dagger            |       |     2 |    46 ||    48
 Fire: Hunting sling     |       |     4 |     6 ||    10
Throw: Dart              |       |       |     1 ||     1
 Abil: Spit Poison       |    25 |     9 |     8 ||    42
Evoke: Wand              |       |     5 |       ||     5
  Use: Potion            |       |       |     1 ||     1
Armor: Robe              |     9 |       |       ||     9
       Chain mail        |     6 |    57 |    49 ||   112
       Ring mail         |     3 |       |       ||     3
Dodge: Dodged            |    37 |    17 |    13 ||    67
       Rpst.: Falchion   |    14 |     6 |     2 ||    22
